cohdb
Replays
Latest Replays
All Replays
Popular Replays
Top Player Replays
Match Explorer
How It Works
Community
CoH3 Stats
Reddit
Sign in to upload your games and track your stats! →
Sign in with Steam
Match 47402347
Unlisted
Match 47402347
Overview
Messages
Build Orders
End
Pioneer Squad
Construct Infanterie Kompanie
Selects Mechanized Battlegroup
Selects Mechanized Battlegroup
Grenadier Squad
MG 42 Machine Gun Team
Grenadier Squad
Grenadier Squad
Infanterie Officer Quarters
Construct Luftwaffe Kompanie
Medical Bunker
Flak 30 Anti-aircraft Gun Team
Selects Raid Package
Jäger Squad
Construct Panzer Kompanie
Luftwaffe Officer Quarters
Selects StuG Assault Group
Selects UNKNOWN (2160084)
Sturmpanzer IV Brummbär
JT
Firefly
0
0
Comments
sign in to comment!
No comments posted yet!